 Dungeon Crawl Stone Soup version 0.30-a0-422-g946f4849ff (webtiles) character file.

Game seed: 3997832628895268548

1185 funkygono the Firebug (level 8, -6/53 HPs)
             Began as a Demonspawn Fire Elementalist on Dec 8, 2022.
             Was an Initiate of Vehumet.
             Killed by divine providence
             ... invoked by an orc priest
              (10 damage)
             ... on level 5 of the Dungeon.
             The game lasted 00:10:47 (5869 turns).

funkygono the Firebug (DsFE)                        Turns: 5869, Time: 00:10:48

Health: -6/53      AC:  7    Str:  8    XL:     8   Next: 19%
Magic:  7/16       EV: 12    Int: 20    God:    Vehumet [......]
Gold:   344        SH:  5    Dex: 13    Spells: 8/18 levels left

rFire   . . .      SeeInvis .    s - +3 flail (protect)
rCold   . . .      Faith    .    (no shield)
rNeg    . . .      Spirit   .    a - +0 robe
rPois   .          Reflect  +    (helmet restricted)
rElec   .          Harm     .    (no cloak)
rCorr   +          Rampage  .    e - +1 pair of gloves
Will    .....                    (no boots)
Stlth   ++........               g - amulet of reflection
HPRegen 0.28/turn                l - ring of resist corrosion
MPRegen 0.30/turn                (no ring)

@: no status effects
A: horns 1, molten scales 2, demonic guardian 2, magic regeneration
a: Renounce Religion


You were on level 5 of the Dungeon.
You worshipped Vehumet.
Vehumet was noncommittal.
You visited 1 branch of the dungeon, and saw 5 of its levels.

You collected 344 gold pieces.

Inventory:

Hand Weapons
 c - a +0 whip
 r - a +0 mace
 s - a +3 flail of protection (weapon)
Missiles
 i - 2 throwing nets (quivered)
Armour
 a - a +0 robe (worn)
 e - a +1 pair of gloves (worn)
 q - a +2 ring mail of positive energy
Jewellery
 g - an amulet of reflection (around neck)
 l - a ring of resist corrosion (left hand)
 t - a ring of magical power
Wands
 d - a wand of flame (8)
 f - a wand of paralysis (6)
Potions
 b - a potion of magic
 h - 3 potions of brilliance
 j - a potion of lignification {unknown}
 k - 2 potions of mutation {unknown}
 m - a potion of degeneration {unknown}
 n - 3 potions of attraction {unknown}
 p - 2 potions of heal wounds


   Skills:
 + Level 0.9 Fighting
 + Level 1.0 Maces & Flails
 + Level 2.5 Dodging
 - Level 1.7 Stealth
 + Level 1.5 Shields
 + Level 5.7 Spellcasting
 + Level 3.4 Conjurations
 + Level 6.1 Fire Magic


You had 8 spell levels left.
You knew the following spells:

 Your Spells              Type           Power      Damage    Failure   Level
a - Foxfire               Conj/Fire      96%        2x1d8     1%          1
b - Scorch                Fire           60%        2d8       1%          2
c - Kindle Blastsparks    Fire/Tloc/Air  26%        2d12      14%         3
d - Flame Wave            Conj/Fire      24%        2d8       16%         4

Your spell library contained the following spells:

 Spells                   Type           Power      Damage    Failure   Level
 Magic Dart               Conj           76%        1d6       2%          1
 Searing Ray              Conj           38%        2d5       4%          2
 Inner Flame              Hex/Fire       17%        N/A       10%         3
 Apportation              Tloc           10%        N/A       11%         1
 Necrotise                Necr           20%        1d5       11%         1
 Summon Small Mammal      Summ           20%        N/A       11%         1
 Gell's Gravitas          Tloc           5%         N/A       32%         3
 Teleport Other           Tloc           5%         N/A       32%         3
 Fulminant Prism          Conj/Hex       6%         3d7       47%         4
 Iskenderun's Mystic Bla  Conj/Tloc      12%        2d5       47%         4
 Animate Dead             Necr           5%         N/A       71%         4
 Passage of Golubria      Tloc           5%         N/A       71%         4
 Borgnjor's Vile Clutch   Necr/Erth      2%         N/A       96%         5
 Lee's Rapid Deconstruct  Erth           2%         3d5*      96%         5
 Silence                  Hex/Air        2%         N/A       96%         5
 Death Channel            Necr           2%         N/A       100%        6
 Dispersal                Tloc           2%         N/A       100%        6
 Lehudib's Crystal Spear  Conj/Erth      6%         10d3      100%        8


Dungeon Overview and Level Annotations

Branches:
Dungeon (5/15)             Temple (0/1) D:5

Altars:
Ru
Vehumet
Xom

Shops:
D:1 ?

Annotations:
D:5 Blork the orc, Pikel


Innate Abilities, Weirdness & Mutations

You have a pair of small horns on your head.
You are mostly covered in molten scales. (AC +3)
A demonic guardian rushes to your aid.
You regenerate magic rapidly.


Message History

Pikel waves his whip at you.
Casting: Foxfire (safe; 1% risk of failure)
Confirm with . or Enter, or press ? or * to list all spells.
You conjure some foxfire!
Pikel closely misses you. Pikel attacks as you move away!
You block Pikel's attack.
The foxfire hits Pikel but does no damage.
Pikel is moderately wounded.
The foxfire hits Pikel.
Pikel is heavily wounded.
Pikel attacks as you move away!
Pikel hits you with a +1 whip of flaming!
Pikel burns you.
Casting: Foxfire (safe; 1% risk of failure)
Confirm with . or Enter, or press ? or * to list all spells.
Flames lash the lemure.
The lemure is moderately wounded.
The lemure's fire resistance burns away.
The orc priest casts a cantrip, but nothing happens.
Pikel misses you. Pikel attacks as you move away!
Pikel hits you with a +1 whip of flaming.
Pikel burns you.
Casting: Scorch (safe; 1% risk of failure)
Confirm with . or Enter, or press ? or * to list all spells.
Flames lash the lemure.
The lemure is burned terribly!
The lemure is severely wounded.
Pikel hits you but does no damage.
Unknown command.
The orc priest mumbles some strange prayers to Beogh against you.
Beogh smites you!
* * * LOW HITPOINT WARNING * * *
A demonic guardian appears!
Pikel hits your orange demon with a +1 whip of flaming.
Pikel burns your orange demon.
You see here a quokka skeleton.
Pikel hits your orange demon with a +1 whip of flaming.
Pikel burns your orange demon.
The orc priest mumbles some strange prayers to Beogh against you.
Beogh smites you!
You die...

##########
#........##################
#....#....@÷4K55.o5........
#......÷..###########.....#
#..#._.#..# #.###.#
##.........# [..# #.#
#.<...#.(.## ##### #5#
#.........# ..### #.#
##K#####..## #.....#5# #..#
##.# #..o) #5## #.# ###5#


You could see Pikel (ally target), 2 lemures, an orc priest and a friendly
orange demon (summoned).

Vanquished Creatures
  A yak (D:4)
  A water moccasin (D:5)
  A centaur (D:5)
  A lemure (D:4)
  A gnoll sergeant (D:3)
  A necrophage (D:4)
  2 howler monkeys (D:3)
  2 orc priests
  3 orc wizards
  24 gnolls
  6 adders
  A white imp (D:5)
  A worm (D:3)
  A dart slug (D:4)
  29 orcs
  7 bats
  12 endoplasms
  2 giant cockroaches
  6 goblins
  6 hobgoblins
  12 jackals (D:3)
  5 quokkas
  4 ball pythons
  5 frilled lizards
  9 kobolds
  4 rats
147 creatures vanquished.

Vanquished Creatures (collateral kills)
  A scorpion (D:5)
  An orc (D:5)
  A foxfire (D:3)
3 creatures vanquished.

Vanquished Creatures (others)
  402 foxfires
  A plant (D:3)
403 creatures vanquished.

Grand Total: 553 creatures vanquished

Notes
Turn   | Place    | Note
-------+----------+-------------------------------------------
     0 | D:1      | funkygono the Demonspawn Fire Elementalist began the quest
                  | for the Orb.
     0 | D:1      | Reached XP level 1. HP: 13/13 MP: 3/3
   531 | D:1      | Found Konlapt's Magic Scroll Shoppe.
   571 | D:1      | Reached skill level 3 in Fire Magic
   571 | D:1      | Gained mutation: You are partially covered in molten
                  | scales. (AC +2) [demonic ancestry]
   571 | D:1      | Reached XP level 2. HP: 19/19 MP: 0/5
   574 | D:1      | Learned a level 2 spell: Scorch
  1574 | D:2      | Gained mutation: A weak demonic guardian rushes to your
                  | aid. [demonic ancestry]
  1574 | D:2      | Reached XP level 3. HP: 24/24 MP: 2/6
  1809 | D:2      | Gained mutation: You regenerate magic rapidly. [demonic
                  | ancestry]
  1809 | D:2      | Reached XP level 4. HP: 16/30 MP: 1/8
  1885 | D:2      | Learned a level 3 spell: Kindle Blastsparks
  2636 | D:3      | Found a faded altar of an unknown god.
  2733 | D:3      | Reached XP level 5. HP: 35/35 MP: 2/9
  2775 | D:3      | Reached skill level 4 in Fire Magic
  3013 | D:3      | Gained mutation: A demonic guardian rushes to your aid.
                  | [demonic ancestry]
  3013 | D:3      | Reached XP level 6. HP: 32/42 MP: 5/11
  3397 | D:3      | Learned a level 4 spell: Flame Wave
  3967 | D:3      | Reached skill level 5 in Fire Magic
  4037 | D:3      | Gained mutation: You have a pair of small horns on your
                  | head. [demonic ancestry]
  4037 | D:3      | Reached XP level 7. HP: 47/47 MP: 8/13
  4576 | D:4      | Found a sacrificial altar of Ru.
  4579 | D:4      | Reached skill level 1 in Shields
  5022 | D:4      | Found the +7 staff of the Meek {protect, meekguard}
  5067 | D:4      | Found a shimmering altar of Xom.
  5392 | D:5      | Entered Level 5 of the Dungeon
  5392 | D:5      | Noticed Blork the orc
  5392 | D:5      | Noticed a yak
  5392 | D:5      | Noticed a yak
  5392 | D:5      | Noticed a yak
  5392 | D:5      | Noticed a yak
  5406 | D:4      | Killed a yak
  5407 | D:4      | Reached skill level 5 in Spellcasting
  5507 | D:5      | Found a radiant altar of Vehumet.
  5544 | D:5      | Became a worshipper of Vehumet
  5564 | D:5      | Found a staircase to the Ecumenical Temple.
  5571 | D:5      | Reached skill level 1 in Maces & Flails
  5576 | D:5      | Noticed Pikel
  5770 | D:5      | Gained mutation: You are mostly covered in molten scales.
                  | (AC +3) [demonic ancestry]
  5770 | D:5      | Reached XP level 8. HP: 40/53 MP: 13/16
  5843 | D:5      | Reached skill level 6 in Fire Magic
  5869 | D:5      | Killed from afar by an orc priest

Illustrated notes

Levels and vault maps discovered:
D:1:      wheals_arrival_linesprint, layout_basic, serial_shops,
          nicolae_shop_behind_doors, minmay_misc_feat_rugged
D:2:      layout_loops_cross
D:3:      lemuel_castle_with_subvaults [lemuel_castle_interior_original],
          layout_loops_corners, mainiacjoe_overflow_24_doors,
          shapermc_ecumenical_altar_pompeii
D:4:      layout_loops_ring, mainiacjoe_overflow_alcove_2,
          nicolae_ru_great_annihilating_truth
D:5:      layout_rooms, vehumet_altar_wand_db, minmay_temple_entry_tees,
          uniq_blork_the_orc, uniq_pikel

Skill      XL: |  1  2  3  4  5  6  7  8 |
---------------+-------------------------+-----
Fire Magic     | 3 4 5 6 |  6.1
Conjurations   | 2 3 |  3.4
Spellcasting   | 3 4 5 |  5.7
Dodging        | 2 |  2.5
Shields        | 1 |  1.5
Maces & Flails | 1 |  1.0
Fighting       | |  0.9
Stealth        | |  1.7

Action                   |  1- 3 |  4- 6 |  7- 9 || total
-------------------------+-------+-------+-------++-------
Melee: Whip              |       |    14 |       ||    14
       Punch             |       |     1 |     1 ||     2
       Flail             |       |       |    24 ||    24
       Headbutt          |       |       |     4 ||     4
 Cast: Foxfire           |    42 |   139 |    62 ||   243
       Scorch            |     9 |    31 |    35 ||    75
  Use: Scroll            |       |     5 |     4 ||     9
Armor: Robe              |     1 |     5 |    21 ||    27
Dodge: Dodged            |     3 |    18 |    40 ||    61
Block: Other             |     3 |    13 |    22 ||    38
       Reflection        |       |     1 |       ||     1

Table legend: (Time is in decaauts)
 A = Elapsed time spent in this place.
 B = Non-inter-level travel time spent in this place.
 C = Inter-level travel time spent in this place.
 D = Time resting spent in this place.
 E = Time spent auto-exploring this place.
 F = Levels seen in this place.
 G = Mean time per level.
                   A        B        C        D        E       F      G
               +--------+--------+--------+--------+--------+-----+--------+
         Total |   5881 |   5676 |    205 |    234 |   4015 |   5 | 1176.2 |
       Dungeon |   5881 |   5676 |    205 |    234 |   4015 |   5 | 1176.2 |
               +--------+--------+--------+--------+--------+-----+--------+

Top non-repeatable levels by time:
     D:3: 1996 daAuts
     D:1: 1261 daAuts
     D:2: 1195 daAuts
     D:4: 1142 daAuts
     D:5: 285 daAuts
